 Dungeon Crawl Stone Soup version 0.21.1-1-g345015f (webtiles) character file.

613 aMcNicky the Digger (level 7, 0/36 HPs)
             Began as a Gargoyle Earth Elementalist on Mar 19, 2018.
             Was an Initiate of Vehumet.
             Slain by an orc wizard
             ... wielding a +0 dagger
              (4 damage)
             ... on level 4 of the Dungeon.
             The game lasted 00:20:33 (3444 turns).

aMcNicky the Digger (Gargoyle Earth Elementalist)   Turns: 3444, Time: 00:20:34

Health: 0/36       AC:  7    Str: 17    XL:     7   Next: 44%
Magic:  10/13      EV: 12    Int: 17    God:    Vehumet [......]
Gold:   253        SH:  0    Dex: 10    Spells: 6/15 levels left

rFire    . . .     SeeInvis .   g - +0 mace
rCold    . . .     Gourm    .   (no shield)
rNeg     + . .     Faith    .   c - +0 robe
rPois    ∞         Spirit   .   (no helmet)
rElec    +         Reflect  .   q - +0 cloak
rCorr    .         Harm     .   (no gloves)
MR       .....                  (no boots)
Stlth    ++........             (no amulet)
HPRegen  0.12/turn              (no ring)
MPRegen  0.13/turn              (no ring)

@: mighty
A: negative energy resistance 1, electricity resistance, unbreathing,
petrification resistance, rot immunity, AC +4
a: Renounce Religion


You were on level 4 of the Dungeon.
You worshipped Vehumet.
Vehumet was noncommittal.
You were not hungry.

You visited 2 branches of the dungeon, and saw 5 of its levels.

You collected 253 gold pieces.

Inventory:

Hand Weapons
 g - a +0 mace (weapon)
Missiles
 b - a stone (quivered)
Armour
 c - a +0 robe (worn)
 q - a +0 cloak (worn)
 s - a +0 ring mail of fire resistance
Jewellery
 k - an uncursed ring of ice {unknown}
 v - an uncursed amulet of guardian spirit {unknown}
 w - an uncursed ring of ice {unknown}
Scrolls
 a - 2 scrolls of remove curse {unknown}
 h - 3 scrolls of identify {unknown}
 i - 6 scrolls of teleportation {unknown}
 j - 2 scrolls of blinking {unknown}
 o - a scroll of immolation {unknown}
 p - a scroll of magic mapping {unknown}
 r - a scroll of amnesia {unknown}
 u - 3 scrolls of enchant armour {unknown}
Potions
 l - a potion of mutation {unknown}
 m - a potion of curing {unknown}
 n - a potion of invisibility {unknown}
 t - a potion of degeneration {unknown}
 z - a potion of heal wounds {unknown}
 A - a potion of lignification {unknown}
Books
 e - a book of Geomancy

   Spells                             Type                      Level
   a - Sandblast                      Earth                        1
   b - Passwall                       Transmutation/Earth          2
   c - Stone Arrow                    Conjuration/Earth            3
   d - Petrify                        Transmutation/Earth          4
   e - Lee's Rapid Deconstruction     Earth                        5
Comestibles
 d - 9 rations


   Skills:
 - Level 1.5 Dodging
 - Level 2.1 Stealth
 + Level 4.6 Spellcasting
 + Level 4.2 Conjurations
   Level 0.7 Transmutations
 + Level 6.7 Earth Magic


You had 6 spell levels left.
You knew the following spells:

 Your Spells              Type           Power        Failure   Level  Hunger
a - Sandblast             Erth           ####..       1%          1    None
b - Stone Arrow           Conj/Erth      ###...       4%          3    ###....
c - Lee's Rapid Deconstr  Erth           ####......   26%         5    ######.


Dungeon Overview and Level Annotations

Branches:
Dungeon (4/15)             Temple (1/1) D:4

Altars:
Ashenzari
Cheibriados
Elyvilon
Gozag
Hepliaklqana
Kikubaaqudgha
Qazlal
Uskayaw
Vehumet
Wu Jian
Xom
Yredelemnul
Zin
The Shining One

Shops:
D:4 (:[


Innate Abilities, Weirdness & Mutations

You are resistant to torment.
Your stone body is resilient. (AC +4)
You are immune to poison.
You resist negative energy. (rN+)
You are resistant to electric shocks. (rElec)
You can survive without breathing.
You are immune to petrification.
You are immune to rotting.


Message History

You miss something.
You hear some strange, mumbled words.
A puff of flame appears from out of thin air!
The puff of flame hits you! Something hits you but does no damage.
You can't go up here!
Unknown command.
Something hits you but does no damage. Something hits you.
A magic dart appears from out of thin air!
The magic dart hits you!
A magic dart appears from out of thin air!
The magic dart hits you!
A magic dart appears from out of thin air!
The magic dart hits you!
* * * LOW HITPOINT WARNING * * *
It was a potion of might.
You feel very mighty all of a sudden.
There is a stone staircase leading up here.
Something hits you but does no damage. Something hits you.
You die...

.....................8........###
##.##.#..##.##...###...###...####
).........#.##..## +#.#+ ##..#...
##.##.#...#.##.## #.# ##.#.#.
...##.#...#....# ##.## #.#...
...##.......#).# ##...## #.#...
......#...#.#..####.....####.#...
...####...#.#................#...
...# #.....#.##@......#######...
..## #........))####### #..< ..#
#....>..##.# #... ###
#.......####.# #... ###.#.#.# #.#
#### #.#.#.# #.# #.#.#.# #.#
###.# #.# ## #.#


There were no monsters in sight!

Vanquished Creatures
  Grinder (D:3)
  An ogre (D:4)
  A jelly (D:4)
  An orc wizard (D:4)
  Terence (D:2)
  3 worker ants (D:4)
  9 adders
  An ooze (D:3)
  2 worms
  2 dart slugs
  7 leopard geckos
  4 orcs
  3 giant cockroaches (D:1)
  4 goblins
  2 hobgoblins
  6 kobolds
  2 quokkas
  9 bats
  6 frilled lizards
  7 rats
72 creatures vanquished.

Notes
Turn   | Place    | Note
-------+----------+-------------------------------------------
     0 | D:1      | aMcNicky the Gargoyle Earth Elementalist began the quest for the Orb.
     0 | D:1      | Reached XP level 1. HP: 10/10 MP: 3/3
   148 | D:1      | Reached skill level 4 in Earth Magic
   148 | D:1      | Reached XP level 2. HP: 15/15 MP: 3/5
   890 | D:2      | Reached XP level 3. HP: 19/19 MP: 4/6
   954 | D:2      | Learned a level 3 spell: Stone Arrow
  1307 | D:2      | Reached skill level 1 in Conjurations
  1339 | D:2      | Reached XP level 4. HP: 24/24 MP: 6/8
  1689 | D:2      | Noticed Terence
  1750 | D:2      | Killed Terence
  1750 | D:2      | Reached skill level 5 in Earth Magic
  2089 | D:3      | Reached XP level 5. HP: 28/28 MP: 4/9
  2227 | D:3      | Noticed Grinder
  2229 | D:3      | Paralysed by Grinder for 4 turns
  2248 | D:3      | Killed Grinder
  2248 | D:3      | Reached XP level 6. HP: 24/32 MP: 1/12
  2376 | D:3      | Reached skill level 6 in Earth Magic
  2702 | D:4      | Learned a level 5 spell: Lee's Rapid Deconstruction
  2706 | D:4      | Found Nara's Antique Weapon Shoppe.
  2726 | D:4      | Found an ornate altar of the Wu Jian Council.
  2847 | D:4      | Reached XP level 7. HP: 36/36 MP: 3/13
  3015 | D:4      | Found Beerchergh's Antique Armour Boutique.
  3057 | D:4      | Found a staircase to the Ecumenical Temple.
  3063 | Temple   | Entered the Ecumenical Temple
  3067 | Temple   | Became a worshipper of Vehumet
  3333 | D:4      | Found Saysk's Book Shoppe.
  3444 | D:4      | Slain by an orc wizard

Skill      XL: |  1  2  3  4  5  6  7 |
---------------+----------------------+-----
Earth Magic    | 4 5 6 |  6.7
Conjurations   | 1 3 4 |  4.2
Spellcasting   | 3 4 |  4.6
Dodging        | |  1.5
Stealth        | |  2.1
Transmutations | |  0.7

Action                   |  1- 3 |  4- 6 |  7- 9 || total
-------------------------+-------+-------+-------++-------
Melee: Mace              |     1 |    47 |    31 ||    79
 Cast: Sandblast         |    35 |    41 |    15 ||    91
       Stone Arrow       |       |     4 |     1 ||     5
  Use: Potion            |       |       |     1 ||     1
 Stab: Sleeping          |       |     2 |       ||     2
  Eat: Chunk             |     2 |     1 |     2 ||     5
       Ration            |       |     1 |       ||     1
Armor: Robe              |     2 |    21 |    22 ||    45
Dodge: Dodged            |    10 |    50 |    26 ||    86
